 Dungeon Crawl Stone Soup version 0.26.1-11-gd32895ea62 (webtiles) character file.

Game seed: 7310830380779479797

601 Almogavar the Fighter (level 7, -2/63 HPs)
             Began as a Gnoll Wanderer on May 6, 2021.
             Slain by Edmund
             ... wielding a +0 flail of protection
              (6 damage)
             ... in the Ecumenical Temple.
             The game lasted 00:09:44 (3240 turns).

Almogavar the Fighter (Gnoll Wanderer)              Turns: 3240, Time: 00:09:45

Health: -2/63      AC:  7    Str: 17    XL:     7   Next: 41%
Magic:  0/10       EV: 12    Int: 14    God:
Gold:   210        SH:  0    Dex: 14    Spells: 11/11 levels left

rFire    + . .     SeeInvis .   h - +2 whip (venom)
rCold    x . .     Faith    .   (no shield)
rNeg     . . .     Spirit   +   f - +0 ring mail
rPois    .         Reflect  .   (no helmet)
rElec    .         Harm     .   r - +0 cloak
rCorr    .         Rampage  .   (no gloves)
Will     .....                  (no boots)
Stlth    ..........             y - amulet of guardian spirit
HPRegen  0.20/turn              j - ring of attention (curse)
MPRegen  0.12/turn              A - ring of fire (curse)

@: no status effects
A: distributed training, fangs 1, strong nose
a: no special abilities


You were in the Ecumenical Temple.
You visited 2 branches of the dungeon, and saw 6 of its levels.

You collected 210 gold pieces.

Inventory:

Hand Weapons
 a - a +2 hand crossbow
 d - a +0 mace
 h - a +2 whip of venom (weapon)
 k - a +1 spear of freezing
Missiles
 b - 62 bolts
 l - 19 poisoned darts (quivered)
 D - 5 boomerangs of dispersal
Armour
 f - a +0 ring mail (worn)
 r - a +0 cloak (worn)
 x - a +0 kite shield
 E - a +0 chain mail
Jewellery
 j - a cursed ring of attention (left hand)
 m - a +6 ring of intelligence
 y - an amulet of guardian spirit (around neck)
 A - a cursed ring of fire (right hand)
Scrolls
 i - 3 scrolls of fog
 o - a scroll of blinking
 q - a scroll of magic mapping
 s - a scroll of fear {unknown}
 t - a scroll of teleportation {unknown}
 v - a scroll of remove curse {unknown}
 B - 3 scrolls of immolation {unknown}
 C - a scroll of enchant weapon {unknown}
Potions
 e - a potion of heal wounds {unknown}
 g - a potion of attraction
 n - a potion of might {unknown}
 p - a potion of berserk rage {unknown}
 u - 2 potions of degeneration {unknown}
 w - a potion of cancellation {unknown}
 z - a potion of flight {unknown}


   Skills:
 + Level 8.9 Fighting
 + Level 2.5 Short Blades
 + Level 2.5 Long Blades
 + Level 2.5 Axes
 + Level 3.6 Maces & Flails
 + Level 2.5 Polearms
 + Level 2.5 Staves
 + Level 2.5 Slings
 + Level 2.5 Bows
 + Level 3.6 Crossbows
 + Level 3.6 Throwing
 + Level 5.2 Armour
 + Level 2.5 Dodging
 + Level 2.5 Stealth
 + Level 3.6 Shields
 + Level 2.5 Unarmed Combat
 + Level 2.5 Spellcasting
 + Level 2.0 Conjurations
 + Level 2.0 Hexes
 + Level 2.0 Summonings
 + Level 2.0 Necromancy
 + Level 2.0 Translocations
 + Level 2.0 Transmutations
 + Level 2.0 Fire Magic
 + Level 2.0 Ice Magic
 + Level 2.0 Air Magic
 + Level 2.0 Earth Magic
 + Level 2.0 Poison Magic
 + Level 2.7 Invocations
 + Level 2.5 Evocations


You had 11 spell levels left.
You didn't know any spells.
Your spell library was empty.

Dungeon Overview and Level Annotations

Branches:
Dungeon (5/15)             Temple (1/1) D:5

Altars:
Cheibriados
Elyvilon
Hepliaklqana
Kikubaaqudgha
Sif Muna

Annotations:
Temple Edmund


Innate Abilities, Weirdness & Mutations

Your experience applies equally to all skills.
You have very sharp teeth.
Your uncanny sense of smell can sniff out nearby items.


Message History

The white imp gestures at you. The puff of frost misses you.
The puff of frost hits you.
You feel a terrible chill!
* * * LOW HITPOINT WARNING * * *
You feel better.
Unknown command.
You hit the white imp but do no damage.
The white imp hits you but does no damage.
Edmund hits you with a +0 flail of protection.
* * * LOW HITPOINT WARNING * * *
Unknown command.
You barely miss the white imp.
The white imp hits you but does no damage.
Unknown command.
You hit the white imp but do no damage. The white imp hits you.
* * * LOW HITPOINT WARNING * * *
The white imp freezes you.
You feel a terrible chill!
* * * LOW HITPOINT WARNING * * *
Edmund hits you with a +0 flail of protection!
You die...

..._....._..
........... .........#
...⌠...# .....# #...#
########...####
########..(.....<.....
#....@5...............
#...._@...⌠.....#.....
##.............###....
#.._........### ##..
##....._...## #.
##......### # ##....##
###.##


You could see Edmund (very poisoned) and a white imp.

Vanquished Creatures
  Grinder (D:3)
  Sigmund (D:3)
  A howler monkey (D:3)
  A worker ant (D:4)
  7 adders
  An ufetubus (D:5)
  5 worms
  3 dart slugs
  2 leopard geckos
  4 orcs
  5 giant cockroaches
  11 goblins
  5 hobgoblins
  15 jackals
  A quokka (D:3)
  A ball python (D:2)
  14 bats
  8 frilled lizards
  8 kobolds
  12 rats
106 creatures vanquished.

Vanquished Creatures (others)
  3 plants (D:1)
3 creatures vanquished.

Grand Total: 109 creatures vanquished

Notes
Turn   | Place    | Note
-------+----------+-------------------------------------------
     0 | D:1      | Almogavar the Gnoll Wanderer began the quest for the Orb.
     0 | D:1      | Almogavar set off with the following items: a +2 hand
                  | crossbow, 27 bolts, a potion of curing, a +0 mace, a +0
                  | robe
     0 | D:1      | Reached XP level 1. HP: 26/26 MP: 1/1
   392 | D:1      | Reached XP level 2. HP: 26/33 MP: 2/2
  1037 | D:2      | Reached XP level 3. HP: 35/38 MP: 3/3
  1200 | D:2      | Found a faded altar of an unknown god.
  1262 | D:2      | Reached skill level 1 in Invocations
  1316 | D:2      | Reached skill level 1 in Short Blades
  1316 | D:2      | Reached skill level 1 in Long Blades
  1316 | D:2      | Reached skill level 1 in Axes
  1316 | D:2      | Reached skill level 1 in Polearms
  1316 | D:2      | Reached skill level 1 in Staves
  1316 | D:2      | Reached skill level 1 in Slings
  1316 | D:2      | Reached skill level 1 in Bows
  1316 | D:2      | Reached skill level 1 in Dodging
  1316 | D:2      | Reached skill level 1 in Stealth
  1316 | D:2      | Reached skill level 1 in Unarmed Combat
  1316 | D:2      | Reached skill level 1 in Spellcasting
  1316 | D:2      | Reached skill level 1 in Evocations
  1322 | D:2      | Reached XP level 4. HP: 31/45 MP: 5/5
  1874 | D:3      | Reached skill level 1 in Conjurations
  1874 | D:3      | Reached skill level 1 in Hexes
  1874 | D:3      | Reached skill level 1 in Summonings
  1874 | D:3      | Reached skill level 1 in Necromancy
  1874 | D:3      | Reached skill level 1 in Translocations
  1874 | D:3      | Reached skill level 1 in Transmutations
  1874 | D:3      | Reached skill level 1 in Fire Magic
  1874 | D:3      | Reached skill level 1 in Ice Magic
  1874 | D:3      | Reached skill level 1 in Air Magic
  1874 | D:3      | Reached skill level 1 in Earth Magic
  1874 | D:3      | Reached skill level 1 in Poison Magic
  1966 | D:3      | Noticed Sigmund
  1980 | D:3      | Killed Sigmund
  1981 | D:3      | Reached XP level 5. HP: 31/51 MP: 5/7
  1981 | D:3      | Reached XP level 6. HP: 35/57 MP: 5/8
  2471 | D:3      | Noticed Grinder
  2484 | D:3      | Paralysed by Grinder for 3 turns
  2490 | D:3      | Killed Grinder
  2491 | D:3      | Reached skill level 5 in Armour
  2491 | D:3      | Reached XP level 7. HP: 63/63 MP: 8/10
  3149 | D:4      | You fall into a shaft and drop 1 floor!
  3149 | D:5      | Entered Level 5 of the Dungeon
  3200 | D:5      | Found a staircase to the Ecumenical Temple.
  3208 | D:5      | Noticed Edmund
  3221 | Temple   | Entered the Ecumenical Temple
  3233 | Temple   | HP: 3/63 [white imp/puff of frost (4)]
  3240 | Temple   | Slain by Edmund

Illustrated notes

Levels and vault maps discovered:
D:1:      shiori_angband_town, layout_loops_ring,
          chequers_hall_statues_corner_a, serial_bayou_pond_a
D:2:      layout_rooms, chequers_ecumenical_altar_island
D:3:      minmay_chambers_of_twos, layout_loops_ring, uniq_sigmund, uniq_grinder
D:4:      layout_rooms, uniq_blork_the_orc
D:5:      layout_loops_ring, grunt_temple_overflow_forces_of_nature,
          minmay_temple_entry_arrows, due_unseen_surprise, uniq_menkaure,
          uniq_crazy_yiuf_cottage, uniq_edmund
Temple:   dpeg_three_leaves_temple

Skill      XL: |  1  2  3  4  5  6  7 |
---------------+----------------------+-----
Invocations    | 1 2 |  2.7
Short Blades   | 1 2 |  2.5
Long Blades    | 1 2 |  2.5
Axes           | 1 2 |  2.5
Polearms       | 1 2 |  2.5
Staves         | 1 2 |  2.5
Slings         | 1 2 |  2.5
Bows           | 1 2 |  2.5
Dodging        | 1 2 |  2.5
Stealth        | 1 2 |  2.5
Unarmed Combat | 1 2 |  2.5
Spellcasting   | 1 2 |  2.5
Evocations     | 1 2 |  2.5
Conjurations   | 1 2 |  2.0
Hexes          | 1 2 |  2.0
Summonings     | 1 2 |  2.0
Necromancy     | 1 2 |  2.0
Translocations | 1 2 |  2.0
Transmutations | 1 2 |  2.0
Fire Magic     | 1 2 |  2.0
Ice Magic      | 1 2 |  2.0
Air Magic      | 1 2 |  2.0
Earth Magic    | 1 2 |  2.0
Poison Magic   | 1 2 |  2.0
Maces & Flails | 3 |  3.6
Crossbows      | 3 |  3.6
Throwing       | 3 |  3.6
Shields        | 3 |  3.6
Armour         | 5 |  5.2
Fighting       | |  8.9

Action                   |  1- 3 |  4- 6 |  7- 9 || total
-------------------------+-------+-------+-------++-------
Melee: Whip              |    93 |    89 |   100 ||   282
       Bite              |     7 |    13 |    17 ||    37
       Punch             |       |     1 |       ||     1
 Fire: Hand crossbow     |     6 |     5 |       ||    11
Throw: Dart              |     6 |     3 |     5 ||    14
  Use: Scroll            |     2 |     1 |     1 ||     4
       Potion            |       |       |     1 ||     1
Armor: Robe              |    21 |       |       ||    21
       Ring mail         |    13 |    29 |    49 ||    91
Dodge: Dodged            |    59 |    57 |    57 ||   173
